 Dungeon Crawl Stone Soup version 0.27-a0-909-g0721f309d1 (webtiles) character file.

Game seed: 12321136212723976045

951 oldmanjim the Ruffian (level 7, -9/68 HPs)
             Began as a White Draconian Transmuter on Apr 9, 2021.
             Was a Priest of Makhleb.
             Mangled by a hornet (18 damage)
             ... on level 6 of the Dungeon.
             The game lasted 00:50:41 (6419 turns).

oldmanjim the Ruffian (White Draconian Transmuter)  Turns: 6419, Time: 00:50:42

Health: -9/68      AC:  9    Str: 13    XL:     7   Next: 90%
Magic:  8/11       EV: 10    Int: 15    God:    Makhleb [***...]
Gold:   289        SH:  0    Dex: 11    Spells: 4/12 levels left

rFire    x . .     SeeInvis .     - Unarmed
rCold    + + +     Faith    .   (shield currently unavailable)
rNeg     . . .     Spirit   .   (armour unavailable)
rPois    +         Reflect  .   (helmet currently unavailable)
rElec    .         Harm     .   (cloak currently unavailable)
rCorr    .         Rampage  .   (gloves currently unavailable)
Will     .....                  (boots currently unavailable)
Stlth    +.........             (no amulet)
HPRegen  0.21/turn              t - ring of wizardry
MPRegen  0.12/turn              u - +4 ring of protection

@: lethally poisoned (-9 -> -14), about to teleport, ice-form
A: freezing attack, amphibious, boosted hp, (breathe frost), AC +6, large,
unfitting armour, (cold resistance 1), (cold-blooded)
a: End Transformation, Renounce Religion, Minor Destruction, Lesser Servant of
Makhleb


You were on level 6 of the Dungeon.
You worshipped Makhleb.
Makhleb was most pleased with you.
You were a creature of crystalline ice.
You visited 2 branches of the dungeon, and saw 7 of its levels.

You collected 289 gold pieces.

Inventory:

Missiles
 f - 2 poisoned darts
 g - 102 stones (quivered)
 r - a throwing net
 s - 8 boomerangs
Armour
 e - a +0 pair of gloves (melded)
 j - a +0 pair of boots (melded)
Magical Staves
 b - a staff of poison (melded)
Jewellery
 p - a ring of fire
 q - a ring of magical power
 t - a ring of wizardry (left front paw)
 u - a +4 ring of protection (right front paw)
 w - a ring of see invisible
Wands
 y - a wand of digging (5)
Scrolls
 a - 2 scrolls of identify
 c - 2 scrolls of enchant weapon
 d - 2 scrolls of blinking {unknown}
 h - 6 scrolls of teleportation
 i - 2 scrolls of immolation
 k - a scroll of summoning {unknown}
 n - 2 scrolls of enchant armour {unknown}
 o - 3 scrolls of magic mapping
 v - a scroll of amnesia {unknown}
Potions
 l - a potion of ambrosia
 x - a potion of berserk rage {unknown}


   Skills:
 - Level 3.0 Fighting
 - Level 1.7 Dodging
 + Level 5.2 Unarmed Combat
 - Level 3.0 Spellcasting
 - Level 5.0 Transmutations
 * Level 3.4 Ice Magic
 - Level 3.0 Poison Magic
 + Level 2.9 Invocations


You had 4 spell levels left.
You knew the following spells:

 Your Spells              Type           Power      Damage    Failure   Level
a - Beastly Appendage     Tmut           34%        N/A       1%          1
b - Spider Form           Tmut/Pois      7%         N/A       4%          3
c - Ice Form              Ice/Tmut       14%        N/A       14%         4

Your spell library contained the following spells:

 Spells                   Type           Power      Damage    Failure   Level
 Wereblood                Tmut           17%        N/A       1%          2
 Confusing Touch          Hex            2%         N/A       24%         3
 Gell's Gravitas          Tloc           1%         N/A       24%         3
 Petrify                  Tmut/Erth      9%         N/A       26%         4
 Hydra Form               Tmut           8%         N/A       26%         5
 Yara's Violent Unravell  Hex/Tmut       4%         3d4       58%         5
 Metabolic Englaciation   Hex/Ice        3%         N/A       69%         5


Dungeon Overview and Level Annotations

Branches:
Dungeon (6/15)             Temple (1/1) D:6

Altars:
Ashenzari
Cheibriados
Elyvilon
Fedhas
Hepliaklqana
Kikubaaqudgha
Makhleb
Nemelex Xobeh
Okawaru
Qazlal
Ru
Vehumet
Wu Jian
Yredelemnul
Zin
The Shining One

Shops:
D:3 (


Innate Abilities, Weirdness & Mutations

You are a creature of crystalline ice.
You have a powerful freezing melee attack.
You are amphibious.
Your maximum health is increased.
Your armour is entirely melded.
You are incapable of wielding weapons or throwing items.
((You can breathe waves of freezing cold which knock back foes.))
((Your icy white scales are hard. (AC +6)))
You cannot fit into any form of body armour.
((Your flesh is cold resistant. (rC+)))
((You are cold-blooded and may be slowed by cold attacks.))


Message History

You see here a +0 plate armour.
A hornet comes into view.
You hit the hornet. You freeze the hornet.
The hornet is moderately wounded.
The hornet closely misses you.
A necrophage comes into view.
You barely miss the hornet.
The hornet is moderately wounded.
The hornet closely misses you. The hornet stings you!
You feel yourself slow down.
You closely miss the hornet.
The hornet is moderately wounded.
The hornet stings you.
You feel as though you will be slow longer.
You hit the hornet but do no damage.
The hornet is lightly wounded.
The hornet barely misses you. The hornet closely misses you.
The hornet stings you but does no damage.
The hornet stings you!
You suddenly lose the ability to move!
The hornet barely misses you.
The hornet stings you but does no damage.
The hornet stings you.
You shrug off the repeated paralysis!
The hornet stings you! The hornet stings you!!
* * * LOW HITPOINT WARNING * * *
The hornet stings you.
* * * LOW HITPOINT WARNING * * *
You can move again.
You feel much better.
You feel yourself speed up. The hornet stings you! The hornet misses you.
The hornet stings you.
* * * LOW HITPOINT WARNING * * *
You are poisoned.
The hornet stings you.
* * * LOW HITPOINT WARNING * * *
As you read the scroll of teleportation, it crumbles to dust.
You feel strangely unstable.
You feel sick.
The hornet stings you but does no damage.
The hornet misses you. The hornet barely misses you.
You feel sick. The hornet stings you!!
You die...

## ###. #... #.#. ##.##
#####################..##
.......y.................
.......yY................
######n##################
... ...#. #..... #.. ..
#. .#. ## .#.


You could see 2 hornets and a necrophage.

Vanquished Creatures
  An ice beast (D:6)
  A sky beast (D:6)
  An ogre (D:5)
  A centaur (D:5)
  2 scorpions
  A water moccasin zombie (D:5)
  2 hounds (D:5)
  2 jellies
  An orc priest (D:2)
  A gnoll shaman (D:4)
  An iguana (D:6)
  An orc wizard (D:2)
  A hound skeleton (D:4)
  4 gnolls
  4 adders
  2 ufetubi
  4 dart slugs
  7 orcs
  8 endoplasms
  2 giant cockroaches
  8 goblins
  6 hobgoblins
  8 jackals
  A quokka (D:3)
  8 ball pythons
  10 bats
  4 frilled lizards
  8 kobolds
  10 rats
110 creatures vanquished.

Vanquished Creatures (others)
  2 plants (D:3)
2 creatures vanquished.

Grand Total: 112 creatures vanquished

Notes
Turn   | Place    | Note
-------+----------+-------------------------------------------
     0 | D:1      | oldmanjim the Draconian Transmuter began the quest for the
                  | Orb.
     0 | D:1      | Reached XP level 1. HP: 16/16 MP: 3/3
   245 | D:1      | Found a faded altar of an unknown god.
   257 | D:1      | Became a worshipper of Makhleb the Destroyer
   257 | D:1      | Reached * piety under Makhleb
   436 | D:1      | Reached XP level 2. HP: 24/24 MP: 5/5
  1187 | D:2      | Reached XP level 3. HP: 19/30 MP: 4/6
  1403 | D:2      | Reached ** piety under Makhleb
  1482 | D:1      | Learned a level 3 spell: Spider Form
  1644 | D:2      | Found a glowing silver altar of Zin.
  2154 | D:2      | Reached skill level 1 in Poison Magic
  2154 | D:2      | Reached XP level 4. HP: 34/38 MP: 5/7
  2788 | D:3      | Reached XP level 5. HP: 41/45 MP: 8/8
  3200 | D:3      | Found Sasorph's Weapon Boutique.
  4191 | D:4      | Reached *** piety under Makhleb
  4555 | D:4      | Reached XP level 6. HP: 37/51 MP: 9/9
  5241 | D:5      | Entered Level 5 of the Dungeon
  5262 | D:5      | Reached skill level 5 in Transmutations
  5469 | D:5      | Reached skill level 1 in Invocations
  5469 | D:5      | Your scales start taking on an icy white colour.
  5469 | D:5      | Reached XP level 7. HP: 57/57 MP: 10/10
  5469 | D:5      | Gained mutation: Your flesh is cold resistant. (rC+) [White
                  | Draconian growth]
  5480 | D:5      | Learned a level 4 spell: Ice Form
  5605 | D:5      | Found a sacrificial altar of Ru.
  5633 | D:5      | Reached skill level 1 in Ice Magic
  5913 | D:5      | Found a hazy altar of Hepliaklqana.
  6194 | D:6      | Reached skill level 5 in Unarmed Combat
  6223 | D:6      | Found a staircase to the Ecumenical Temple.
  6240 | Temple   | Entered the Ecumenical Temple
  6404 | D:6      | Noticed a hornet
  6410 | D:6      | Noticed a hornet
  6414 | D:6      | Paralysed by a hornet for 3 turns
  6419 | D:6      | Mangled by a hornet

Illustrated notes

Levels and vault maps discovered:
D:1:      mrwooster_arrival_statue_2, layout_basic, basic_ecumenical_altar,
          serial_park_tiny_2
D:2:      layout_rooms, basic_altar
D:3:      layout_basic, serial_shops, shop, serial_bayou_pond_a
D:4:      layout_basic, nicolae_overflow_hidden_temple, dk_noncrumbling_3
D:5:      layout_basic, old_standard_altar, lemuel_round_altar
D:6:      layout_basic, amcnicky_altar_gilded, lemuel_coloured_pillars_altar,
          lemuel_tele_altar, minmay_temple_entry_antechambers
Temple:   jpeg_temple_clearing

Skill      XL: |  1  2  3  4  5  6  7 |
---------------+----------------------+-----
Fighting       | 2 3 |  3.0
Poison Magic   | 1 2 3 |  3.0
Transmutations | 3 4 5 |  5.0
Unarmed Combat | 4 5 |  5.2
Invocations    | 1 2 |  2.9
Ice Magic      | 3 |  3.4
Spellcasting   | 3 |  3.0
Dodging        | |  1.7

Action                   |  1- 3 |  4- 6 |  7- 9 || total
-------------------------+-------+-------+-------++-------
Melee: Unarmed           |    47 |    63 |    30 ||   140
       Tailslap          |     8 |    11 |       ||    19
       Kick              |    16 |    14 |       ||    30
       Headbutt          |    10 |    15 |       ||    25
       Staff             |    64 |   110 |     4 ||   178
       Punch             |     1 |       |       ||     1
Throw: Dart              |    16 |    25 |     5 ||    46
       Stone             |    27 |    23 |     3 ||    53
       Boomerang         |       |     2 |       ||     2
 Cast: Beastly Appendage |    34 |    18 |       ||    52
       Spider Form       |       |    10 |     5 ||    15
       Ice Form          |       |       |     2 ||     2
 Abil: Breathe Frost     |       |       |     2 ||     2
  Use: Scroll            |       |     6 |     1 ||     7
       Potion            |       |       |     1 ||     1
Armor: Skin              |    54 |    64 |    14 ||   132
Dodge: Dodged            |    81 |   153 |    39 ||   273

Table legend: (Time is in decaauts)
 A = Elapsed time spent in this place.
 B = Non-inter-level travel time spent in this place.
 C = Inter-level travel time spent in this place.
 D = Time resting spent in this place.
 E = Time spent auto-exploring this place.
 F = Levels seen in this place.
 G = Mean time per level.
                   A        B        C        D        E       F      G
               +--------+--------+--------+--------+--------+-----+--------+
         Total |   6464 |   6292 |    172 |   1818 |   3235 |   7 |  923.4 |
       Dungeon |   6360 |   6206 |    154 |   1818 |   3151 |   6 | 1060.0 |
        Temple |    104 |     86 |     18 |      0 |     84 |   1 |  104.0 |
               +--------+--------+--------+--------+--------+-----+--------+

Top non-repeatable levels by time:
     D:3: 1930 daAuts
     D:2: 1456 daAuts
     D:1: 1334 daAuts
     D:5: 904 daAuts
     D:4: 567 daAuts
     D:6: 166 daAuts
  Temple: 104 daAuts
